 Dungeon Crawl Stone Soup version 0.28.0-53-g5a82cb258f (webtiles) character file.

Game seed: 3065902852649659040

5 PentaManta the Skirmisher (level 1, 12/14 HPs)
             Began as a Gargoyle Berserker on June 18, 2022.
             Was a Follower of Trog.
             Got out of the dungeon alive.
             The game lasted 00:00:24 (212 turns).

PentaManta the Skirmisher (Gargoyle Berserker)       Turns: 212, Time: 00:00:25

Health: 12/14      AC:  7    Str: 20    XL:     1   Next: 80%
Magic:  1/1        EV: 11    Int:  7    God:    Trog [*.....]
Gold:   17         SH:  0    Dex:  9    Spells: 0/0 levels left

rFire   . . .      SeeInvis .   a - +0 hand axe
rCold   . . .      Faith    .   (no shield)
rNeg    + . .      Spirit   .   d - +0 ring mail
rPois   ∞          Reflect  .   (no helmet)
rElec   +          Harm     .   (no cloak)
rCorr   .          Rampage  .   (no gloves)
Will    .....                   (no boots)
Stlth   ..........              (no amulet)
HPRegen 0.04/turn               (no ring)
MPRegen 0.07/turn               (no ring)

@: no status effects
A: sickness immunity, AC +2, negative energy resistance 1, electricity
resistance, torment resistance 1, petrification resistance
a: Renounce Religion, Berserk


You escaped.
You worshipped Trog.
Trog was aware of your devotion.
You visited 1 branch of the dungeon, and saw 1 of its levels.

You collected 17 gold pieces.

Inventory:

Hand Weapons
 a - a +0 hand axe (weapon)
Armour
 b - a +0 animal skin
 d - a +0 ring mail (worn)
 e - a +0 chain mail
Scrolls
 c - a scroll of fog {unknown}
Potions
 f - a potion of lignification {unknown}


   Skills:
 - Level 3.2 Fighting
 + Level 3.1 Axes
 - Level 2.1 Armour
 - Level 1.5 Dodging


You couldn't memorise any spells.
You didn't know any spells.
Your spell library was empty.

Dungeon Overview and Level Annotations

Branches:
Dungeon (1/15)

Altars:


Innate Abilities, Weirdness & Mutations

You are immune to sickness and miasma.
Your stone body is resilient. (AC +2)
You are immune to poison.
You resist negative energy. (rN+)
You are resistant to electric shocks. (rElec)
You are resistant to unholy torment.
You are immune to petrification.


Message History

The ball python misses you.
You hit the ball python.
You kill the ball python!
Trog accepts your kill.
No target in view!
No target in view!
Found a club.
A frilled lizard comes into view.
The frilled lizard hisses angrily.
A goblin comes into view. It is wielding a +0 dagger.
There are monsters nearby!
A ball python comes into view.
You slash the goblin!
You kill the goblin!
Trog accepts your kill. The frilled lizard bites you.
You barely miss the frilled lizard. The frilled lizard closely misses you.
You closely miss the frilled lizard. You closely miss the ball python.
The ball python bites you but does no damage.
The ball python closely misses you. The frilled lizard bites you.
The ball python closely misses you. The ball python barely misses you.
You slash the frilled lizard!
You kill the frilled lizard!
Trog accepts your kill.
You closely miss the ball python. The ball python barely misses you.
The ball python grabs you. The ball python constricts you.
Your Axes skill increases to level 3!
You barely miss the ball python.
The ball python bites you but does no damage.
The ball python constricts you.
You slash the ball python!
You kill the ball python!
Trog accepts your kill.
No target in view!
No target in view!
No target in view!
There is an open gate here.
There is a staircase leading out of the dungeon here.
Are you sure you want to leave the Dungeon?
This will make you lose the game!
You have escaped!

..# #..♣♣ ..#
#...♣♣ ..#######
#....♣ ........##
##....♣♣
#######..###......♣
##.##.......♣
#.#8..8..8.♣
#.'........♣♣
#.'......@..♣
#.'........♣♣
###8..8..8.♣
##......♣♣ ##.....♣
##...♣♣ #...♣ #...♣
#...♣


There were no monsters in sight!

Vanquished Creatures
  A giant cockroach (D:1)
  A goblin (D:1)
  2 ball pythons (D:1)
  A frilled lizard (D:1)
5 creatures vanquished.

Notes
Turn   | Place    | Note
-------+----------+-------------------------------------------
     0 | D:1      | PentaManta the Gargoyle Berserker began the quest for the
                  | Orb.
     0 | D:1      | Reached XP level 1. HP: 14/14 MP: 1/1
   212 | D:$      | Got out of the dungeon alive.

Illustrated notes

Levels and vault maps discovered:
D:1:      kennysheep_arrival_forest, layout_basic

Skill      XL: |  1 |
---------------+----+-----
Axes           | 3 |  3.1
Fighting       | |  3.2
Armour         | |  2.1
Dodging        | |  1.5

Action                   || total
-------------------------++-------
Melee: Hand axe          ||    12
Armor: Ring mail         ||     2
Dodge: Dodged            ||    11
